Map: Odyssey LE

Players

Winthrowe

  • Race: Terran Terran
  • League: Silver
  • Spawn Location: 5:00

A.I. 1 (Medium) - Winner!

  • Race: Protoss Protoss
  • Spawn Location: 11:00

VOD

Have the link to the VOD?

Description

Time

  • Played on: Aug. 20, 2017, 8:29 p.m.
  • Length: 3:31
Show
View Real Time Build Order
Export as new Build Order

Winthrowe Terran 

Build Orders:  

Get SALT Encoding   

  12  0:00  SCV  
  13  0:12  SCV  
  14  0:21  Supply Depot  
  14  0:25  SCV  
  15  0:29  Refinery  
  15  0:45  SCV, Barracks  
  16  0:57  SCV  
  17  1:09  SCV  
  18  1:18  Supply Depot  
  18  1:21  SCV  
  19  1:33  Factory  
  19  1:34  Marine  
  19  1:36  SCV  
  21  1:48  SCV  
  21  1:49  Refinery  
  21  1:54  Marine  
  23  2:02  Barracks  
  23  2:06  SCV  
  24  2:13  Marine  
  25  2:17  Factory Tech Lab  
  25  2:18  SCV  
  26  2:30  SCV  
  26  2:31  Marine  
  28  2:43  Orbital Command  
  28  2:50  Starport  
  28  2:53  Marine  
  29  2:59  Marine  
  30  3:06  Supply Depot  
  30  3:12  Marine  
Show
View Real Time Build Order
Export as new Build Order

A.I. 1 (Medium) Protoss - Winner!

Build Orders:  

Get SALT Encoding   

  12  0:01  Probe (Chrono Boost)  
  13  0:11  Probe (Chrono Boost)  
  14  0:19  Pylon  
  14  0:22  Probe (Chrono Boost)  
  15  0:37  Probe (Chrono Boost)  
  15  0:40  Gateway  
  16  0:47  Assimilator  
  16  0:48  Probe (Chrono Boost)  
  17  0:58  Probe (Chrono Boost)  
  17  1:00  Pylon  
  18  1:29  Gateway  
  18  1:32  Cybernetics Core  
  18  1:34  Assimilator  
  18  1:46  Zealot  
  20  2:06  Pylon  
  20  2:12  Adept  
  22  2:22  Zealot  
  24  2:37  Adept  
  26  2:50  Adept  
  28  2:55  Pylon  
  29  2:59  Probe (Chrono Boost)  
  29  3:03  Adept  
  31  3:11  Probe (Chrono Boost)  
  34  3:20  Forge  
Tags
 
League
Silver
Matchup
PvT
Spawn Locations
Cross Positions
Add a new tag
Caveats
  • Supply blocks, unpowered buildings, or Contaminate may cause inaccurate times.
  • Supply counts are checked every 10 seconds.